 Dungeon Crawl Stone Soup version 0.30-a0-782-ge64f9170bb (webtiles) character file.

Game seed: 2651335612656682160

153 theswoord the Twirler (level 5, 0/38 HPs)
             Began as a Demonspawn Gladiator on Mar 13, 2023.
             Slain by a yak (13 damage)
             ... on level 4 of the Dungeon.
             The game lasted 00:03:44 (2342 turns).

theswoord the Twirler (Demonspawn Gladiator)        Turns: 2342, Time: 00:03:45

Health: 0/38       AC:  7    Str: 17    XL:     5   Next: 12%
Magic:  5/5        EV: 17    Int:  9    God:
Gold:   140        SH:  0    Dex: 14    Spells: 4/4 levels left

rFire   . . .      SeeInvis .    a - +0 quarterstaff
rCold   . . .      Faith    .    (shield currently unavailable)
rNeg    . . .      Spirit   .    p - +0 steam dragon scales
rPois   .          Reflect  .    c - +0 helmet
rElec   .          Harm     .    (no cloak)
rCorr   .          Rampage  .    (no gloves)
Will    +....                    h - +0 pair of boots
Stlth   +                        o - amulet of magic regeneration
HPRegen 0.26/turn                i - ring of willpower
MPRegen 0.49/turn                k - +4 ring of slaying

@: agile
A: hooves 1, powered by pain 1
a: no special abilities


You were on level 4 of the Dungeon.
You visited 1 branch of the dungeon, and saw 4 of its levels.

You collected 140 gold pieces.

Inventory:

Hand Weapons
 a - a +0 quarterstaff (weapon)
Missiles
 d - 4 throwing nets (quivered)
 e - a javelin
Armour
 b - a +0 leather armour
 c - a +0 helmet (worn)
 h - a +0 pair of boots (worn)
 p - +0 steam dragon scales (worn)
Jewellery
 i - a ring of willpower (left hand)
 k - a +4 ring of slaying (right hand)
 o - an amulet of magic regeneration (around neck)
 q - a +6 ring of intelligence
Scrolls
 m - 2 scrolls of teleportation
 n - a scroll of fear
Potions
 f - 2 potions of brilliance
 g - 4 potions of curing
 j - a potion of magic
 l - a potion of mutation {unknown}
 r - a potion of lignification {unknown}


   Skills:
 - Level 2.0 Fighting
 + Level 5.3 Staves
 - Level 1.7 Throwing
 - Level 2.6 Dodging


You had 4 spell levels left.
You didn't know any spells.
Your spell library contained the following spells:

 Spells                   Type           Power      Damage    Failure   Level
 Ignite Poison            Fire/Tmut/Pois 0%         N/A       77%         3
 Sticky Flame             Conj/Fire      0%         2d3       99%         4
 Ignition                 Fire           0%         3d3       100%        8


Dungeon Overview and Level Annotations

Branches:
Dungeon (4/15)
 Temple: D:4-7

Altars:

Shops:
D:2 *


Innate Abilities, Weirdness & Mutations

You have large cloven feet.
You sometimes gain a little power by taking damage.


Message History

Found a scroll labelled ITALIU LALOHONT.
The adder bites you but does no damage. x2
You see here an adder corpse.
You completely miss the adder. The adder closely misses you.
The kobold hits you with a +0 dagger.
You miss the adder. The adder bites you but does no damage.
An orc comes into view. It is wielding a +0 hand axe.
The kobold hits you but does no damage.
The orc shouts!
You sock the adder!
You kill the adder!
The kobold hits you with a +0 dagger.
You thump the kobold!
You kill the kobold!
A hobgoblin comes into view.
A yak comes into view.
The yak bellows!
The hobgoblin shouts!
You see here a +0 dagger.
A giant cockroach comes into view.
A yak comes into view.
The yak bellows!
You sock the orc!
You kill the orc!
A necrophage comes into view.
Things that are here:
a +0 hand axe; a +0 leather armour; an orc corpse
Found a white potion.
The hobgoblin hits you but does no damage.
The yak gores you!
You hit the yak. The hobgoblin misses you.
A yak comes into view.
The yak gores you!
* * * LOW HITPOINT WARNING * * *
You focus on the pain.
You feel agile all of a sudden. The yak attacks as you move away!
The yak gores you.
* * * LOW HITPOINT WARNING * * *
The giant cockroach attacks as you move away!
The giant cockroach misses you. The yak attacks as you move away!
The yak gores you!
You die...

#.....#.#.#.#.#
#.##...........
#...#.#.#.#.#.#.
.########...............
.......<...#.#.#.#.#.#.#.
.########.............?.!
...#.#.#†#.#.#.#.#
###.......).......
#.#.#.#.#@#.#.#.#.
#........YB.......
.#.#.#.#Y#.#n#.#.#
.........g.......
#.#.#.#.#Y#.#.#. ........
.. .... .#.#.#.# #.# #.#
. .... .. . #.#.# #.#


You could see 3 yaks, a necrophage, a giant cockroach and a hobgoblin.

Vanquished Creatures
  4 gnolls
  4 adders
  2 worms (D:3)
  3 dart slugs (D:1)
  An orc (D:4)
  4 bats
  4 endoplasms
  2 giant cockroaches (D:1)
  5 goblins
  3 hobgoblins
  6 jackals
  9 kobolds
  3 quokkas
  6 ball pythons
  3 frilled lizards (D:2)
  6 rats
65 creatures vanquished.

Notes
Turn   | Place    | Note
-------+----------+-------------------------------------------
     0 | D:1      | theswoord the Demonspawn Gladiator began the quest for the
                  | Orb.
     0 | D:1      | Reached XP level 1. HP: 16/16 MP: 1/1
    42 | D:1      | Reached skill level 3 in Staves
   109 | D:1      | Gained mutation: You have large cloven feet. [demonic
                  | ancestry]
   109 | D:1      | Reached XP level 2. HP: 14/22 MP: 2/2
   140 | D:1      | Found a faded altar of an unknown god.
   141 | D:1      | Noticed a shining eye
   164 | D:1      | Noticed a golden eye
   164 | D:1      | Noticed an eye of devastation
   164 | D:1      | Noticed a floating eye
   294 | D:1      | Reached XP level 3. HP: 24/27 MP: 3/3
   460 | D:1      | Reached skill level 4 in Staves
  1072 | D:2      | Reached XP level 4. HP: 30/33 MP: 4/4
  1545 | D:2      | Found Ussiph's Assorted Antiques.
  1973 | D:3      | Reached skill level 5 in Staves
  2096 | D:3      | Identified the +5 plate armour of Wrong Decisions {rF- rC+
                  | Str+4}
  2180 | D:3      | Identified the +0 scale mail of the Lotus Blossom {rF++
                  | Stlth+}
  2329 | D:4      | Gained mutation: You sometimes gain a little power by
                  | taking damage. [demonic ancestry]
  2329 | D:4      | Reached XP level 5. HP: 38/38 MP: 5/5
  2334 | D:4      | Noticed a yak
  2335 | D:4      | Noticed a yak
  2339 | D:4      | Noticed a yak
  2342 | D:4      | Slain by a yak

Skill      XL: |  1  2  3  4 |
---------------+-------------+-----
Staves         | 3 4 5 |  5.3
Fighting       | |  2.0
Throwing       | |  1.7
Dodging        | |  2.6

Action                     |  1- 3 |  4- 6 || total
---------------------------+-------+-------++-------
  Melee: Quarterstaff      |   104 |    79 ||   183
  Throw: Throwing net      |     1 |       ||     1
    Use: Scroll            |     2 |     7 ||     9
   Stab: Held in net/web   |     1 |       ||     1
 Armour: Leather armour    |    42 |     1 ||    43
         Steam dragon scal |       |    22 ||    22
  Dodge: Dodged            |    88 |    46 ||   134

Levels and vault maps discovered:
D:1:      lightli_iron_boxes, layout_basic,
          hellmonk_ecumenical_altar_watching_god, minmay_tetromino_i4
D:2:      layout_basic, serial_shops, shop
D:3:      layout_basic
D:4:      layout_loops_ring, nicolae_overflow_quartered_altars, hex_large,
          dilly_guarded_unrand_throatcut
